 Dungeon Crawl Stone Soup version 0.28-a0-969-g2dcde036d2 (webtiles) character file.

Game seed: 2249683985374215409

401 HessuHobo the Skirmisher (level 6, -4/62 HPs)
             Began as a Troll Fighter on Dec 1, 2021.
             Was an Initiate of Okawaru.
             Slain by Prince Ribbit (18 damage)
             ... on level 5 of the Dungeon.
             The game lasted 00:10:14 (3786 turns).

HessuHobo the Skirmisher (Troll Fighter)            Turns: 3786, Time: 00:10:14

Health: -4/62      AC:  5    Str: 27    XL:     6   Next: 54%
Magic:  5/5        EV: 10    Int:  4    God:    Okawaru [......]
Gold:   153        SH:  0    Dex:  9    Spells: 5/5 levels left

rFire   . . .      SeeInvis .   h - +0 giant club
rCold   . . .      Faith    .   (shield currently unavailable)
rNeg    . . .      Spirit   .   a - +0 robe
rPois   .          Reflect  .   (helmet restricted)
rElec   .          Harm     .   t - +0 cloak
rCorr   .          Rampage  .   (gloves unavailable)
Will    .....                   (boots unavailable)
Stlth   +.........              (no amulet)
HPRegen 1.00/turn               (no ring)
MPRegen 0.09/turn               (no ring)

@: mighty, studying Fire Magic
A: large, unfitting armour, claws 3, regeneration 1, shaggy fur 1, tough skin 1
a: Renounce Religion


You were on level 5 of the Dungeon.
You worshipped Okawaru.
Okawaru was noncommittal.
You visited 1 branch of the dungeon, and saw 5 of its levels.

You collected 153 gold pieces.

Inventory:

Hand Weapons
 h - a +0 giant club (weapon)
 n - a +0 hunting sling
 s - a +3 quarterstaff of chaos
 y - a +0 flail
Missiles
 i - 24 stones (quivered)
 q - 27 poisoned darts
Armour
 a - a +0 robe (worn)
 b - a +0 kite shield
 t - a +0 cloak (worn)
Wands
 u - a wand of digging (2)
Scrolls
 d - a scroll of fear {unknown}
 e - 2 scrolls of teleportation {unknown}
 g - a scroll of silence {unknown}
 j - a scroll of amnesia {unknown}
 o - a scroll of acquirement {unknown}
 v - a scroll of magic mapping {unknown}
 x - a scroll of immolation {unknown}
Potions
 k - a potion of flight
 p - 2 potions of lignification
 r - a potion of curing
 w - a potion of degeneration
 z - a potion of magic {unknown}


   Skills:
 + Level 4.1 Fighting
 + Level 3.1 Maces & Flails
 + Level 4.0 Dodging
 - Level 2.4 Shields
 - Level 2.3 Unarmed Combat


You had 5 spell levels left.
You didn't know any spells.
Your spell library was empty.

Dungeon Overview and Level Annotations

Branches:
Dungeon (5/15)
 Temple: D:4-7

Altars:
Okawaru

Shops:
D:1 *

Annotations:
D:3 Natasha
D:5 Prince Ribbit


Innate Abilities, Weirdness & Mutations

You are too large for most types of armour.
You have claws for hands.
Your natural rate of healing is unusually fast.
You are covered in fur. (AC +1)
You have tough skin. (AC +1)


Message History

Press: ? - help, Dir - move target Your weapon can't reach that far!
Okay, then.
Okay, then.
Okay, then.
Prince Ribbit asks, "Just a little smooch?"
You miss Prince Ribbit. Prince Ribbit barely misses you.
Prince Ribbit closely misses you.
You barely miss Prince Ribbit. Prince Ribbit closely misses you.
Prince Ribbit barely misses you.
You miss Prince Ribbit. Prince Ribbit hits you! Prince Ribbit hits you.
You closely miss Prince Ribbit. Prince Ribbit barely misses you. x2
You barely miss Prince Ribbit. Prince Ribbit barely misses you.
Prince Ribbit blinks!
You miss Prince Ribbit. Prince Ribbit hits you!
You closely miss Prince Ribbit. Prince Ribbit hits you!
Prince Ribbit blinks!
You miss Prince Ribbit. Prince Ribbit completely misses you.
Prince Ribbit blinks!
Prince Ribbit hits you.
Prince Ribbit hits you but does no damage.
You barely miss Prince Ribbit. Prince Ribbit hits you.
You feel very mighty all of a sudden.
Prince Ribbit blinks!
You barely miss Prince Ribbit. Prince Ribbit barely misses you.
Prince Ribbit hits you!
You closely miss Prince Ribbit.
Prince Ribbit blinks!
Prince Ribbit barely misses you.
You closely miss Prince Ribbit. Prince Ribbit hits you.
Prince Ribbit completely misses you.
You are too injured to fight recklessly!
You are too injured to fight recklessly!
You closely miss Prince Ribbit.
Prince Ribbit blinks!
Prince Ribbit hits you!!
* * * LOW HITPOINT WARNING * * *
You barely miss Prince Ribbit. Prince Ribbit barely misses you.
Prince Ribbit hits you.
* * * LOW HITPOINT WARNING * * *
You miss Prince Ribbit.
Prince Ribbit croaks regally.
Prince Ribbit hits you!!
You die...

#.# #.# #.#
#<## #.#..#
#.##.##
#.#...##
#......##
#...@...#
#...F...#
#.......#
####.....##
#...[....#
#.######.#
# #.# #.#
#.#######


You could see Prince Ribbit.

Vanquished Creatures
  An ogre (D:4)
  A centaur (D:5)
  An orc priest (D:4)
  Crazy Yiuf (D:2)
  Ijyb (D:3)
  Natasha (twice) (D:3)
  An orc wizard (D:4)
  3 adders
  A worm (D:4)
  3 dart slugs
  5 orcs
  A ball python (D:3)
  A bat (D:1)
  4 endoplasms
  2 giant cockroaches
  4 goblins
  3 hobgoblins
  3 kobolds
  A quokka (D:3)
  5 frilled lizards
  3 rats (D:1)
47 creatures vanquished.

Notes
Turn   | Place    | Note
-------+----------+-------------------------------------------
     0 | D:1      | HessuHobo the Troll Fighter began the quest for the Orb.
     0 | D:1      | Reached XP level 1. HP: 22/22 MP: 0/0
   243 | D:1      | Found Ineas's Assorted Antiques.
   307 | D:1      | Reached XP level 2. HP: 29/29 MP: 1/1
  1463 | D:2      | Reached XP level 3. HP: 32/36 MP: 2/2
  1628 | D:2      | Found a runed translucent door.
  1629 | D:2      | Noticed Crazy Yiuf
  1635 | D:2      | Killed Crazy Yiuf
  1636 | D:2      | Reached skill level 1 in Maces & Flails
  1729 | D:2      | Found a faded altar of an unknown god.
  1963 | D:3      | Noticed Ijyb
  2006 | D:3      | Killed Ijyb
  2007 | D:3      | Reached XP level 4. HP: 37/45 MP: 3/3
  2034 | D:3      | Noticed Natasha
  2042 | D:3      | Killed Natasha
  2468 | D:3      | Noticed Natasha
  2481 | D:3      | Killed Natasha
  2482 | D:3      | Reached XP level 5. HP: 27/53 MP: 4/4
  2608 | D:3      | Noticed Natasha
  2925 | D:4      | Noticed an ogre
  2932 | D:4      | Killed an ogre
  3191 | D:4      | Found an iron altar of Okawaru.
  3248 | D:4      | Became a worshipper of Warmaster Okawaru
  3501 | D:4      | Reached XP level 6. HP: 58/62 MP: 5/5
  3651 | D:5      | Entered Level 5 of the Dungeon
  3752 | D:5      | Noticed Prince Ribbit
  3786 | D:5      | Slain by Prince Ribbit

Illustrated notes

Levels and vault maps discovered:
D:1:      nicolae_arrival_washed_ashore, layout_basic, serial_shops,
          shop_fountains, grunt_decor_cap
D:2:      layout_rooms, shapermc_ecumenical_altar_mp_vishouse,
          uniq_crazy_yiuf_cottage
D:3:      layout_rooms, dk_noncrumbling_2, minmay_misc_feat_room,
          grunt_decor_mini_mirrors, kennysheep_generic_room_12, uniq_natasha,
          uniq_ijyb
D:4:      layout_loops_corners, mainiacjoe_overflow_concentric_impassable
D:5:      layout_loops_ring, grunt_ministairs_14, uniq_prince_ribbit1

Skill      XL: |  1  2  3  4  5  6 |
---------------+-------------------+-----
Fighting       | 3 4 |  4.1
Maces & Flails | 1 2 3 |  3.1
Dodging        | 3 4 |  4.0
Shields        | |  2.4
Unarmed Combat | |  2.3

Action                   |  1- 3 |  4- 6 || total
-------------------------+-------+-------++-------
Melee: Unarmed           |    15 |       ||    15
       Mace              |    40 |       ||    40
       Dagger            |    14 |       ||    14
       Quarterstaff      |    16 |    26 ||    42
       Giant club        |       |    81 ||    81
Throw: Stone             |     9 |     3 ||    12
  Use: Potion            |     1 |     3 ||     4
       Scroll            |       |     5 ||     5
Armor: Robe              |    30 |    46 ||    76
Dodge: Dodged            |    30 |    95 ||   125
Block: Kite shield       |    22 |       ||    22

Table legend: (Time is in decaauts)
 A = Elapsed time spent in this place.
 B = Non-inter-level travel time spent in this place.
 C = Inter-level travel time spent in this place.
 D = Time resting spent in this place.
 E = Time spent auto-exploring this place.
 F = Levels seen in this place.
 G = Mean time per level.
                   A        B        C        D        E       F      G
               +--------+--------+--------+--------+--------+-----+--------+
         Total |   3875 |   3429 |    446 |    423 |   2187 |   5 |  775.0 |
       Dungeon |   3875 |   3429 |    446 |    423 |   2187 |   5 |  775.0 |
               +--------+--------+--------+--------+--------+-----+--------+

Top non-repeatable levels by time:
     D:1: 1210 daAuts
     D:4: 1082 daAuts
     D:3: 794 daAuts
     D:2: 677 daAuts
     D:5: 110 daAuts
